 Dungeon Crawl Stone Soup version 0.28.0 (webtiles) character file.

Game seed: 17226806807604405226

56 freelancePsychic the Skirmisher (level 3, -3/31 HPs)
             Began as a Ghoul Hedge Wizard on Feb 16, 2022.
             Shot with a stone by a goblin (4 damage)
             ... on level 3 of the Dungeon.
             The game lasted 00:04:37 (3266 turns).

freelancePsychic the Skirmisher (GhWz)              Turns: 3266, Time: 00:04:38

Health: -3/31      AC:  4    Str: 12 (15) XL:     3   Next: 97%
Magic:  6/6        EV: 11    Int:  6 (9)  God:
Gold:   87         SH:  0    Dex:  5 (8)  Spells: 6/7 levels left

rFire   . . .      SeeInvis .   a - +0 dagger
rCold   + . .      Faith    .   (no shield)
rNeg    + + +      Spirit   .   i - +0 leather armour
rPois   ∞          Reflect  .   c - +0 hat
rElec   .          Harm     .   (no cloak)
rCorr   .          Rampage  .   e - +0 pair of gloves
Will    .....                   (no boots)
Stlth   +.........              (no amulet)
HPRegen 0.00/turn               (no ring)
MPRegen 0.10/turn               (no ring)

@: inhibited regen
A: claws 1, cold resistance 1, negative energy resistance 3, inhibited
regeneration, torment resistance 2
a: no special abilities


You were on level 3 of the Dungeon.
You visited 1 branch of the dungeon, and saw 3 of its levels.

You collected 87 gold pieces.

Inventory:

Hand Weapons
 a - a +0 dagger (weapon)
Missiles
 h - 2 throwing nets
Armour
 b - a +0 robe
 c - a +0 hat (worn)
 e - a +0 pair of gloves (worn)
 i - a +0 leather armour (worn)
Jewellery
 d - a ring of protection from fire
Potions
 f - a potion of curing {@q1}
 g - a potion of berserk rage
 j - a potion of heal wounds {unknown}


   Skills:
 + Level 3.4 Fighting
 + Level 0.9 Short Blades
 - Level 1.7 Dodging
 - Level 2.1 Stealth
 - Level 2.6 Spellcasting
 - Level 0.7 Conjurations
 - Level 0.8 Summonings
 - Level 0.8 Translocations


You had 6 spell levels left.
You knew the following spells:

 Your Spells              Type           Power      Damage    Failure   Level
a - Magic Dart            Conj           4%         1d3       36%         1

Your spell library contained the following spells:

 Spells                   Type           Power      Damage    Failure   Level
 Pain                     Necr           0%         1d4       43%         1
 Slow                     Hex            0%         N/A       43%         1
 Blink                    Tloc           2%         N/A       45%         2
 Call Imp                 Summ           1%         N/A       45%         2
 Conjure Flame            Conj/Fire      1%         6-21      77%         3
 Mephitic Cloud           Conj/Pois/Air  1%         N/A       80%         3
 Agony                    Necr           0%         N/A       100%        5
 Excruciating Wounds      Necr           0%         N/A       100%        5


Dungeon Overview and Level Annotations

Branches:
Dungeon (3/15)

Altars:
Qazlal

Shops:
D:1 [

Annotations:
D:2 Sigmund
D:3 Grinder


Innate Abilities, Weirdness & Mutations

You thrive by killing the living.
You are immune to poison.
You have sharp fingernails.
Your flesh is cold resistant. (rC+)
You are immune to negative energy. (rN+++)
You do not regenerate when monsters are visible.
You are immune to unholy pain and torment.


Message History

The hobgoblin hits you with a +0 trident.
You barely miss the hobgoblin.
The hobgoblin is almost dead.
The hobgoblin closely misses you.
You barely miss the hobgoblin.
The hobgoblin is almost dead.
The hobgoblin hits you but does no damage.
You closely miss the hobgoblin.
The hobgoblin is almost dead.
The hobgoblin completely misses you.
You closely miss the hobgoblin.
The hobgoblin is almost dead.
The hobgoblin hits you but does no damage.
You closely miss the hobgoblin.
The hobgoblin is almost dead.
You closely miss the hobgoblin.
The hobgoblin is almost dead.
The hobgoblin closely misses you.
You barely miss the hobgoblin.
The hobgoblin is almost dead.
The hobgoblin hits you with a +0 trident.
You hit the hobgoblin.
You kill the hobgoblin!
The goblin unwields a +0 club.
The goblin wields a +0 hunting sling.
The goblin shoots a stone.
The stone hits you.
* * * LOW HITPOINT WARNING * * *
You closely miss the goblin. The goblin hits you with a +0 club.
* * * LOW HITPOINT WARNING * * *
You hit the goblin.
The goblin is severely wounded.
The goblin hits you with a +0 club.
* * * LOW HITPOINT WARNING * * *
You hit the goblin.
You kill the goblin!
The goblin shoots a stone.
The stone hits you.
* * * LOW HITPOINT WARNING * * *
The goblin shoots a stone.
The stone barely misses you.
The goblin shoots a stone.
The stone closely misses you.
The goblin shoots a stone.
The stone hits you.
You die...

...# ###.#
##.....## #### #.##
##...## # #..#
##g## ##.# #g#
#####.### #)#
#.......# ##.##
#.###.#.###...#####
#.# #.#.##........#
#.# #.#.###@..###.#
#.#
#.#.###...###.###.#
#.#
#......<..........#
#.#
###.#####.....#####
#.#####.# #######
#.......# #########


You could see 2 goblins.

Vanquished Creatures
  A gnoll (D:1)
  An adder (D:2)
  A dart slug (D:2)
  6 endoplasms (D:1)
  2 giant cockroaches (D:1)
  4 goblins
  8 hobgoblins
  A quokka (D:1)
  A ball python (D:2)
  3 bats
  A frilled lizard (D:1)
  2 rats (D:1)
31 creatures vanquished.

Vanquished Creatures (others)
  A bat (D:2)
1 creature vanquished.

Grand Total: 32 creatures vanquished

Notes
Turn   | Place    | Note
-------+----------+-------------------------------------------
     0 | D:1      | freelancePsychic the Ghoul Hedge Wizard began the quest for
                  | the Orb.
     0 | D:1      | Reached XP level 1. HP: 14/14 MP: 3/3
    15 | D:1      | Found Jiply's Armour Shop.
   101 | D:1      | Reached skill level 1 in Fighting
   363 | D:1      | Reached XP level 2. HP: 8/24 MP: 4/4
   580 | D:1      | Reached skill level 2 in Fighting
  1188 | D:2      | Noticed Sigmund
  1207 | D:2      | Reached XP level 3. HP: 28/30 MP: 6/6
  1268 | D:2      | Reached skill level 3 in Fighting
  2620 | D:3      | Found a stormy altar of Qazlal.
  2640 | D:3      | Noticed Grinder
  2660 | D:3      | Paralysed by Grinder for 4 turns
  3263 | D:3      | HP: 1/31 [goblin/stone (4)]
  3266 | D:3      | Shot with a stone by a goblin

Illustrated notes

Levels and vault maps discovered:
D:1:      minmay_arrival_checkered_box, layout_rooms, serial_shops,
          nicolae_shop_statue_plus, minmay_tromino_mix6
D:2:      layout_loops_corners, hangedman_abyss_or_decor_stabs,
          lemuel_flame_loot_1, uniq_sigmund
D:3:      kennysheep_the_goblin_king, layout_loops_corners,
          nicolae_qazlal_scattered_showers, lemuel_round_altar,
          grunt_ministairs_14, uniq_grinder

Skill      XL: |  1  2  3 |
---------------+----------+-----
Fighting       | 1 2 3 |  3.4
Short Blades   | |  0.9
Dodging        | |  1.7
Stealth        | |  2.1
Spellcasting   | |  2.6
Conjurations   | |  0.7
Summonings     | |  0.8
Translocations | |  0.8

Action                   || total
-------------------------++-------
Melee: Dagger            ||   205
 Cast: Magic Dart        ||     5
  Use: Scroll            ||     3
       Potion            ||     4
 Stab: Sleeping          ||     1
Armor: Robe              ||    21
       Leather armour    ||    51
Dodge: Dodged            ||   118
